 Dungeon Crawl Stone Soup version 0.26.1-16-g4e020e15dc (webtiles) character file.

Game seed: 11385085442646884187

904 Froggeryz the Chopper (level 7, -3/60 HPs)
             Began as a Demigod Gladiator on Mar 29, 2023.
             Slain by an orc warrior
             ... wielding a +0 short sword
              (8 damage)
             ... on level 5 of the Dungeon.
             The game lasted 00:04:42 (6043 turns).

Froggeryz the Chopper (Demigod Gladiator)           Turns: 6043, Time: 00:04:42

Health: -3/60      AC:  9    Str: 19    XL:     7   Next: 50%
Magic:  9/9        EV: 11    Int: 12    God:
Gold:   378        SH:  5    Dex: 19    Spells: 6/6 levels left

rFire    . . .     SeeInvis .   a - +0 war axe
rCold    + . .     Faith    .   (no shield)
rNeg     . . .     Spirit   .   h - +0 scale mail
rPois    .         Reflect  +   l - +0 helmet
rElec    .         Harm     .   w - +0 cloak
rCorr    .         Rampage  .   (no gloves)
Will     .....                  (no boots)
Stlth    ..........             k - amulet of reflection
HPRegen  0.20/turn              u - ring of protection from cold
MPRegen  0.11/turn              (no ring)

@: no status effects
A: high mp 1
a: no special abilities


You were on level 5 of the Dungeon.
You visited 1 branch of the dungeon, and saw 6 of its levels.

You collected 378 gold pieces.

Inventory:

Hand Weapons
 a - a +0 war axe (weapon)
Missiles
 d - 3 throwing nets
 i - 5 boomerangs
 o - 23 poisoned darts (quivered)
 B - 8 atropa-tipped darts
Armour
 h - a +0 scale mail (worn)
 l - a +0 helmet (worn)
 w - a +0 cloak (worn)
Jewellery
 k - an amulet of reflection (around neck)
 u - a ring of protection from cold (left hand)
Wands
 y - a wand of flame (14)
 C - a wand of paralysis (6)
 D - a wand of digging (4)
Scrolls
 e - 5 scrolls of remove curse
 f - 2 scrolls of identify
 n - a scroll of fog
 q - a scroll of amnesia
 v - 3 scrolls of teleportation {unknown}
 x - a scroll of enchant armour {unknown}
Potions
 b - a potion of degeneration {unknown}
 c - a potion of mutation {unknown}
 g - a potion of heal wounds
 j - a potion of haste {unknown}
 m - a potion of attraction {unknown}
 p - a potion of ambrosia {unknown}
 r - 3 potions of curing {unknown}
 s - a potion of cancellation {unknown}
 t - 2 potions of lignification {unknown}
 z - 2 potions of magic {unknown}
 A - 2 potions of might {unknown}


   Skills:
 + Level 4.3 Fighting
 * Level 6.4 Axes
 - Level 1.7 Throwing
 + Level 3.7 Armour
 - Level 2.6 Dodging


You had 6 spell levels left.
You didn't know any spells.
Your spell library contained the following spells:

 Spells                   Type           Power        Failure   Level
 Shock                    Conj/Air       0%           67%         1
 Swiftness                Air            0%           82%         2
 Static Discharge         Conj/Air       0%           96%         3
 Airstrike                Air            0%           100%        4
 Lightning Bolt           Conj/Air       0%           100%        5


Dungeon Overview and Level Annotations

Branches:
Dungeon (6/15)
 Temple: D:4-7

Annotations:
D:3 3 runed translucent doors, Froggeryz's ghost, amateur OpBe; RogerS's ghost, amateur MiBe; Sapher's ghost, weakling DEEE; SnubMonkey's ghost, amateur HOFi; Sobaton's ghost, amateur MiFi


Innate Abilities, Weirdness & Mutations

You have an increased reservoir of magic. (+10% MP)


Message History

You are too injured to fight recklessly!
You hit the orc warrior but do no damage.
The orc warrior is heavily wounded.
You block the orc warrior's attack.
You hit the orc warrior.
The orc warrior is heavily wounded.
The orc warrior closely misses you.
You hit the orc warrior but do no damage.
The orc warrior is heavily wounded.
The orc warrior hits you with a +0 short sword.
* * * LOW HITPOINT WARNING * * *
You hit the orc warrior.
The orc warrior is severely wounded.
The orc warrior hits you but does no damage.
The orc warrior hits you with a +0 short sword!
* * * LOW HITPOINT WARNING * * *
You slash the orc warrior!
The orc warrior is almost dead.
The orc warrior hits you with a +0 short sword!
You die...

.##..####....# ##..###..#..##
.....#.....### ##.####.##..##
..#......### #.......##..###
....###.## ########...)..###....
..(.##...####........####.....##.
....##..[.....###########........
###...................o..........
#.########..##########...)#.##.
###########.....@........##.#.##>
.......##.......o<#......##.#...#
............############.........
........##### ####.....#
.......## ##....# .......# #....#
.......# ##...# .......# #...#
.......# #...#


You could see an orc warrior.

Vanquished Creatures
  Eustachio (D:4)
  A sky beast (D:6)
  2 ogres
  A bullfrog (D:5)
  A scorpion (D:4)
  A hound (D:4)
  Crazy Yiuf (D:4)
  An orc priest (D:4)
  An orc wizard (D:5)
  3 gnolls (D:3)
  9 adders
  3 white imps (D:5)
  4 oozes
  An adder skeleton (D:4)
  A worm (D:3)
  2 dart slugs
  6 leopard geckos
  11 orcs
  6 giant cockroaches
  10 goblins
  11 hobgoblins
  7 jackals
  15 kobolds
  4 quokkas
  5 bats
  9 frilled lizards
  12 rats
129 creatures vanquished.

Vanquished Creatures (others)
  A fungus (D:4)
1 creature vanquished.

Grand Total: 130 creatures vanquished

Notes
Turn   | Place    | Note
-------+----------+-------------------------------------------
     0 | D:1      | Froggeryz the Demigod Gladiator began the quest for the
                  | Orb.
     0 | D:1      | Reached XP level 1. HP: 17/17 MP: 3/3
    46 | D:1      | Reached skill level 3 in Axes
    89 | D:1      | Reached XP level 2. HP: 15/24 MP: 4/4
   440 | D:1      | Reached skill level 1 in Armour
   658 | D:1      | Reached XP level 3. HP: 26/29 MP: 5/5
  1399 | D:2      | Found a shimmering altar of Xom.
  1402 | D:2      | Found a shimmering blue altar of Sif Muna.
  1402 | D:2      | Found a hide-covered altar of Uskayaw.
  1404 | D:2      | Found a broken altar of Ashenzari.
  1404 | D:2      | Found a glowing golden altar of the Shining One.
  1404 | D:2      | Found an ornate altar of the Wu Jian Council.
  1562 | D:2      | Found a burning altar of Makhleb.
  1563 | D:2      | Found a sacrificial altar of Ru.
  1563 | D:2      | Found a sparkling altar of Nemelex Xobeh.
  1576 | D:2      | Found a white marble altar of Elyvilon.
  1691 | D:2      | Reached XP level 4. HP: 37/37 MP: 6/6
  2015 | D:2      | Reached skill level 4 in Axes
  2436 | D:3      | Reached XP level 5. HP: 30/44 MP: 7/7
  3069 | D:3      | Found a runed translucent gate.
  3069 | D:3      | Found a runed translucent gate.
  3069 | D:3      | Found a runed translucent gate.
  3071 | D:3      | Noticed SnubMonkey's ghost (amateur HOFi)
  3071 | D:3      | Noticed Sapher's ghost (weakling DEEE)
  3071 | D:3      | Noticed RogerS's ghost (amateur MiBe)
  3071 | D:3      | Noticed Sobaton's ghost (amateur MiFi)
  3071 | D:3      | Noticed Froggeryz's ghost (amateur OpBe)
  3361 | D:4      | Noticed Eustachio
  3380 | D:4      | Killed Eustachio
  3381 | D:4      | Reached skill level 5 in Axes
  3381 | D:4      | Reached XP level 6. HP: 33/51 MP: 8/8
  3620 | D:4      | Found an opulent altar of Gozag.
  4083 | D:4      | Found a runed translucent door.
  4084 | D:4      | Noticed Crazy Yiuf
  4620 | D:4      | Killed Crazy Yiuf
  4915 | D:5      | Entered Level 5 of the Dungeon
  4938 | D:5      | Reached XP level 7. HP: 59/59 MP: 9/9
  5011 | D:5      | Found a radiant altar of Vehumet.
  5029 | D:5      | Reached skill level 6 in Axes
  5438 | D:5      | Found an ancient bone altar of Kikubaaqudgha.
  6043 | D:5      | Slain by an orc warrior

Illustrated notes

Levels and vault maps discovered:
D:1:      erik_arrival_orb_chamber, layout_loops_ring
D:2:      layout_basic, doesnt_xom_only_xom, nicolae_overflow_quartered_altars,
          minmay_joined_circles
D:3:      minmay_spotlight, layout_loops_cross, gammafunk_ghost_cemetery
D:4:      layout_loops_ring, grunt_gozag_statues, uniq_crazy_yiuf_cottage,
          uniq_eustachio
D:5:      layout_rooms, vehumet_altar_wand_db, basic_altar
D:6:      layout_gridville, minmay_temple_entry_glassed_door, minmay_liquid_box

Skill      XL: |  1  2  3  4  5  6  7 |
---------------+----------------------+-----
Fighting       | 2 3 4 |  4.3
Axes           | 3 4 5 6 |  6.4
Armour         | 1 2 3 |  3.7
Throwing       | |  1.7
Dodging        | |  2.6

Action                   |  1- 3 |  4- 6 |  7- 9 || total
-------------------------+-------+-------+-------++-------
Melee: War axe           |   133 |   228 |    67 ||   428
Throw: Dart              |       |       |     2 ||     2
  Use: Scroll            |       |     7 |       ||     7
       Potion            |       |     1 |       ||     1
Armor: Leather armour    |     1 |       |       ||     1
       Scale mail        |    57 |    95 |    39 ||   191
Dodge: Dodged            |    85 |   110 |    38 ||   233
Block: Other             |     7 |    51 |    16 ||    74
       Reflection        |       |     2 |       ||     2
